 Dungeon Crawl Stone Soup version 0.20-a0-1089-g3fde505 (webtiles) character file.

395 Alarkh the Chopper (level 6, -1/44 HPs)
             Began as a Demonspawn Skald on May 2, 2017.
             Slain by a hound (3 damage)
             ... on level 3 of the Dungeon.
             The game lasted 00:05:01 (5268 turns).

Alarkh the Chopper (Demonspawn Skald)               Turns: 5268, Time: 00:05:02

Health: -1/44      AC:  3    Str:  8 (11) XL:     6   Next: 52%
Magic:  4/9        EV: 12    Int: 16      God:
Gold:   185        SH:  0    Dex: 15      Spells: 2/9 levels left

rFire    . . .     SeeInvis .   a - +0 hand axe
rCold    . . .     Gourm    .   (no shield)
rNeg     . . .     Faith    .   b - +0 leather armour
rPois    .         Spirit   .   (helmet restricted)
rElec    .         Reflect  .   (no cloak)
rCorr    +         Harm     .   (no gloves)
MR       .....                  (no boots)
Stlth    +++.......             (no amulet)
Regen    0.2/turn               i - ring of resist corrosion
MPRegen  0.2/turn               (no ring)

@: infused
A: antennae 1, thin skeletal structure 1, nightstalker 1
a: no special abilities


You were on level 3 of the Dungeon.
You were not hungry.

You visited 1 branch of the dungeon, and saw 4 of its levels.

You collected 185 gold pieces.

Inventory:

Hand Weapons
 a - a +0 hand axe (weapon)
Armour
 b - a +0 leather armour (worn)
 f - a +0 scale mail
Jewellery
 e - an uncursed ring of fire
 i - a ring of resist corrosion (left hand)
Wands
 o - a wand of acid (6/15)
 r - a wand of lightning (4/15)
Scrolls
 g - a scroll of fear
 h - a scroll of enchant armour {unknown}
 j - a scroll of teleportation
 k - a scroll of random uselessness {unknown}
 l - 3 scrolls of recharging
 m - a scroll of identify {unknown}
 q - a scroll of remove curse
Potions
 n - 2 potions of haste
Books
 c - a book of Battle

   Spells                             Type                      Level
   a - Infusion                       Charms                       1
   b - Shroud of Golubria             Charms/Translocation         2
   c - Song of Slaying                Charms                       2
   d - Spectral Weapon                Hexes/Charms                 3
   e - Regeneration                   Charms/Necromancy            3
Comestibles
 d - 3 bread rations


   Skills:
 - Level 2.0 Fighting
 + Level 6.4 Axes
 - Level 0.8 Armour
 - Level 1.7 Dodging
 - Level 2.0 Spellcasting
 - Level 2.6 Charms


You had 2 spell levels left.
You knew the following spells:

 Your Spells              Type           Power        Failure   Level  Hunger
a - Infusion              Chrm           ##..         10%         1    #......
b - Regeneration          Chrm/Necr      #.........   45%         3    ###....
c - Spectral Weapon       Hex/Chrm       #.......     45%         3    ###....


Dungeon Overview and Level Annotations

Branches:
Dungeon (4/15)
 Temple: D:4-7

Altars:
Cheibriados

Annotations:
D:3 1 exclusion, nht's ghost, amateur HOWn


Innate Abilities, Weirdness & Mutations

You have a pair of small antennae on your head.
You have a somewhat thin skeletal structure. (Dex +2, Stealth)
You are slightly more attuned to the shadows.


Message History

The hound is almost dead.
The hound bites you.
* * * LOW HITPOINT WARNING * * *
You closely miss the hound.
The hound is almost dead.
The hound bites you.
* * * LOW HITPOINT WARNING * * *
The hound bites you.
* * * LOW HITPOINT WARNING * * *
You barely miss the hound.
The hound is almost dead.
The hound bites you.
* * * LOW HITPOINT WARNING * * *
You barely miss the hound.
The hound is almost dead.
The hound barely misses you.
You hit the hound.
The hound is almost dead.
The hound bites you.
You die...

#.........
##########
############### #
#.............# #
#.#####..####.# #
#.##..........# #
#.#.......###.####
#.#.....).........
#@#.......###.##..
#h##..........###.
#.###.#..####.# ##
#.....รท.......# #
#.###.###.##### #
#.# #.# #.# ## #.#
#.# #.# ##.
#.###.###.# ##..
#.....>...# ##...


You could see a hound.

Vanquished Creatures
  The ghost of Paps the Covert, an amateur OpAs of Gozag (D:4)
  A centaur skeleton (D:4)
  2 worker ants
  2 gnolls (D:1)
  3 adders
  3 oozes
  2 worms (D:3)
  3 dart slugs
  7 leopard geckos
  An orc (D:4)
  6 bats
  3 giant cockroaches
  9 goblins
  6 hobgoblins
  5 jackals
  3 kobolds
  2 quokkas (D:2)
  A ball python (D:2)
  4 frilled lizards (D:2)
  4 rats
68 creatures vanquished.

Notes
Turn   | Place    | Note
-------+----------+-------------------------------------------
     0 | D:1      | Alarkh the Demonspawn Skald began the quest for the Orb.
     0 | D:1      | Reached XP level 1. HP: 16/16 MP: 3/3
    12 | D:1      | Reached skill level 2 in Axes
   252 | D:1      | Gained mutation: You are slightly more attuned to the shadows. [demonic ancestry]
   252 | D:1      | Reached XP level 2. HP: 6/22 MP: 0/5
   695 | D:1      | Reached skill level 3 in Axes
   932 | D:2      | Reached XP level 3. HP: 18/27 MP: 6/6
  1220 | D:2      | Learned a level 3 spell: Regeneration
  2194 | D:2      | Gained mutation: You have a pair of small antennae on your head. [demonic ancestry]
  2194 | D:2      | Reached XP level 4. HP: 30/33 MP: 7/7
  2245 | D:2      | Found a snail-covered altar of Cheibriados.
  2255 | D:2      | Reached skill level 4 in Axes
  2848 | D:3      | Noticed nht's ghost (amateur HOWn)
  2883 | D:3      | Learned a level 3 spell: Spectral Weapon
  3166 | D:3      | Found a faded altar of an unknown god.
  3839 | D:3      | Reached XP level 5. HP: 11/38 MP: 3/8
  4369 | D:4      | Noticed Paps's ghost (amateur OpAs)
  4707 | D:4      | Killed Paps's ghost
  4707 | D:4      | Reached skill level 6 in Axes
  4707 | D:4      | Gained mutation: You have a somewhat thin skeletal structure. (Dex +2, Stealth) [demonic ancestry]
  4707 | D:4      | Reached XP level 6. HP: 20/44 MP: 7/9
  5266 | D:3      | HP: 2/44 [hound (3)]
  5268 | D:3      | Slain by a hound

Vault maps used:
D:1:      ncdulo_halloftheorcs
D:2:      kennysheep_slug_shrine
D:3:      chequers_ecumenical_altar_twisty, minmay_surrounded
D:4:      first_bread

Skill      XL: |  1  2  3  4  5 |
---------------+----------------+-----
Axes           | 2 3 4 6 |  6.4
Fighting       | |  2.0
Armour         | |  0.8
Dodging        | |  1.7
Spellcasting   | |  2.0
Charms         | |  2.6

Action                   |  1- 3 |  4- 6 || total
-------------------------+-------+-------++-------
Melee: Hand axe          |   104 |   228 ||   332
 Cast: Infusion          |     7 |     5 ||    12
       Spectral Weapon   |       |     1 ||     1
  Use: Potion            |       |     4 ||     4
       Scroll            |       |     4 ||     4
 Stab: Sleeping          |     2 |     1 ||     3
  Eat: Chunk             |     4 |     6 ||    10
       Bread ration      |       |     1 ||     1
Armor: Leather armour    |    22 |    24 ||    46
       Scale mail        |    28 |    79 ||   107
Dodge: Dodged            |    49 |   125 ||   174
